Map: Oxide LE

Players

Pacomike - Winner!

  • Race: Protoss Protoss
  • League: Grandmaster
  • Spawn Location: 1:00

eGGz

  • Race: Zerg Zerg
  • League: Grandmaster
  • Spawn Location: 7:00

Event: DreamHack SC2 Masters 2020 Winter

VOD

Have the link to the VOD?

Description

Time

  • Played on: Oct. 16, 2020, 7:06 p.m.
  • Length: 12:57

All games in this series

Show
View Real Time Build Order
Export as new Build Order

Pacomike Protoss - Winner!

Build Orders: 1 Gate Expand, Dark Templar Rush 

Get SALT Encoding   

  12  0:00  Probe  
  13  0:12  Probe  
  14  0:18  Pylon  
  14  0:24  Probe (Chrono Boost)  
  15  0:37  Probe (Chrono Boost)  
  15  0:38  Gateway  
  16  0:44  Probe (Chrono Boost)  
  16  0:46  Assimilator  
  17  0:51  Probe  
  18  1:03  Probe  
  19  1:15  Probe  
  20  1:25  Nexus  
  21  1:37  Cybernetics Core  
  21  1:38  Probe  
  21  1:42  Assimilator  
  21  1:50  Probe  
  21  1:52  Pylon  
  22  2:02  Probe (Chrono Boost)  
  23  2:11  Stalker (Chrono Boost)  
  23  2:14  Warp Gate, Probe (Chrono Boost)  
  26  2:22  Probe (Chrono Boost)  
  27  2:29  Twilight Council  
  27  2:30  Probe (Chrono Boost)  
  27  2:33  Adept  
  30  2:37  Probe (Chrono Boost)  
  32  2:46  Probe x2 (Chrono Boost)  
  32  2:49  Gateway  
  33  2:52  Probe  
  33  2:56  Probe  
  36  3:05  Probe (Chrono Boost)  
  36  3:07  Dark Shrine  
  36  3:08  Probe (Chrono Boost)  
  36  3:11  Pylon  
  39  3:20  Probe (Chrono Boost)  
  39  3:23  Probe (Chrono Boost)  
  39  3:26  Probe (Chrono Boost)  
  40  3:29  Robotics Facility, Probe (Chrono Boost)  
  40  3:30  Adept  
  43  3:34  Probe  
  43  3:39  Assimilator  
  43  3:41  Assimilator, Probe  
  45  3:47  Probe  
  46  3:53  Probe  
  46  3:54  Gateway  
  47  3:58  Gateway  
  47  3:59  Probe  
  48  4:05  Probe  
  48  4:08  Pylon  
  49  4:11  Probe  
  49  4:13  Shadow Stride (Chrono Boost)  
  50  4:17  Probe  
  50  4:20  Observer  
  52  4:30  Nexus  
  52  4:33  Pylon, Probe  
  52  4:38  Dark Templar x2  
  57  4:41  Probe  
  58  4:45  Pylon, Probe  
  58  4:51  Shield Battery  
  59  4:54  Probe  
  59  4:56  Dark Templar x2  
  64  5:00  Probe  
  64  5:02  Pylon  
  65  5:07  Probe  
  65  5:10  Dark Templar  
  65  5:12  Probe  
  65  5:13  Dark Templar  
  71  5:19  Probe  
  72  5:24  Probe  
  72  5:26  Gateway x2  
  72  5:27  Forge  
  73  5:31  Dark Templar  
  73  5:34  Adept  
  77  5:38  Probe  
  78  5:51  Adept  
  78  5:54  Probe  
  77  6:09  Stalker x2  
  77  6:10  Stalker  
  79  6:11  Stalker  
  79  6:14  Probe  
  82  6:18  Protoss Ground Weapons Level 1  
  82  6:20  Observer, Probe  
  82  6:21  Probe  
  85  6:26  Sentry  
  87  6:37  Stalker x3  
  87  6:38  Probe x2, Immortal (Chrono Boost)  
  87  6:39  Probe  
  96  6:40  Assimilator  
  96  6:41  Assimilator  
  96  6:44  Blink (Chrono Boost)  
  94  6:50  Probe x2  
  94  6:51  Probe  
  94  6:53  Pylon x3  
  95  7:02  Probe x2  
  95  7:03  Probe  
  95  7:05  Shield Battery  
  95  7:07  Zealot  
  100  7:11  Zealot x5  
  100  7:14  Probe  
  94  7:29  Zealot  
  87  7:32  Zealot x4  
  87  7:33  Zealot  
  94  7:43  Immortal  
  94  7:46  Probe (Chrono Boost)  
  94  7:50  Probe x2 (Chrono Boost)  
  88  7:58  Probe (Chrono Boost)  
  91  8:03  Probe (Chrono Boost)  
  94  8:06  Pylon  
  92  8:14  Gateway  
  92  8:16  Gateway  
  92  8:18  Charge (Chrono Boost)  
  92  8:20  Robotics Bay  
  92  8:22  Pylon, Protoss Ground Weapons Level 2 (Chrono Boost), Immortal (Chrono Boost)  
  96  8:30  Adept  
  98  8:39  Gateway  
  98  8:40  Gateway  
  97  8:43  Photon Cannon  
  97  8:45  Photon Cannon  
  97  8:48  Pylon  
  97  8:49  Pylon  
  97  8:50  Stalker x2  
  97  8:51  Stalker  
  97  8:53  Stalker x2  
  107  8:58  Warp Prism  
  109  9:06  Extended Thermal Lance  
  109  9:07  Robotics Facility  
  109  9:13  Photon Cannon  
  109  9:19  Sentry x5  
  109  9:21  Adept x2  
  115  9:26  Stalker  
  99  9:45  Stalker x6  
  101  9:46  Stalker  
  101  9:47  Disruptor  
  108  9:59  Disruptor (Chrono Boost)  
  111  10:04  Pylon  
  111  10:06  Shield Battery  
  111  10:25  Nexus  
  111  10:27  Pylon  
  111  10:30  Pylon  
  111  10:31  Colossus (Chrono Boost)  
  111  10:33  Colossus (Chrono Boost)  
  123  10:48  Stalker x2  
  123  10:49  Stalker x6  
  120  11:14  Zealot x5  
  120  11:15  Zealot  
  114  11:19  Zealot x2  
  114  11:20  Dark Templar x5, Zealot  
  118  11:47  Immortal (Chrono Boost)  
  118  11:48  Immortal (Chrono Boost)  
  118  11:50  Nexus  
  118  11:52  Pylon  
  118  11:53  Pylon, Adept  
  128  11:57  Zealot x2  
  128  11:59  Sentry x2  
  128  12:00  Sentry  
  138  12:04  Sentry  
  140  12:13  Photon Cannon  
  140  12:14  Photon Cannon  
  140  12:16  Shield Battery  
  140  12:20  Observer x2  
  141  12:31  Zealot x3  
  141  12:38  Zealot x4  
Show
View Real Time Build Order
Export as new Build Order

eGGz Zerg 

Build Orders: Hatch First 

Get SALT Encoding   

  12  0:00  Drone  
  13  0:13  Overlord  
  13  0:17  Drone  
  14  0:32  Drone x2  
  16  0:48  Hatchery  
  15  0:51  Drone  
  15  0:56  Drone  
  17  1:05  Extractor  
  17  1:09  Drone  
  17  1:15  Spawning Pool  
  17  1:16  Drone  
  17  1:29  Drone  
  17  1:31  Drone  
  19  1:40  Overlord  
  19  1:56  Drone  
  20  2:03  Drone, Queen x2  
  20  2:04  Zergling x2  
  26  2:10  Metabolic Boost  
  26  2:12  Drone  
  26  2:15  Drone  
  28  2:21  Zergling x2  
  29  2:25  Drone  
  30  2:38  Hatchery  
  30  2:42  Drone x2  
  31  2:46  Drone x2  
  33  2:53  Queen  
  33  2:57  Overlord  
  35  3:00  Drone  
  36  3:07  Overlord  
  36  3:11  Extractor  
  36  3:12  Drone, Extractor  
  35  3:15  Drone  
  38  3:20  Spore Crawler  
  38  3:21  Drone x2  
  38  3:22  Drone x2  
  38  3:26  Zergling x2  
  43  3:34  Zergling x2  
  43  3:37  Overlord  
  43  3:41  Zergling x2  
  44  3:48  Drone  
  45  3:49  Lair  
  45  3:52  Roach Warren  
  45  3:54  Drone x2  
  46  3:59  Zergling x10  
  46  4:00  Zergling x2  
  51  4:03  Spore Crawler  
  51  4:09  Drone x2  
  52  4:13  Overlord  
  52  4:14  Spore Crawler  
  51  4:18  Drone  
  51  4:19  Drone  
  51  4:20  Drone x2, Extractor  
  53  4:33  Roach x5  
  53  4:37  Drone x3  
  66  4:45  Overlord  
  66  4:51  Glial Reconstitution  
  66  4:57  Overseer  
  66  4:59  Overlord  
  66  5:03  Overlord  
  66  5:05  Drone  
  66  5:06  Drone  
  70  5:07  Roach  
  70  5:08  Drone x4  
  74  5:14  Overlord  
  74  5:15  Overlord  
  74  5:19  Drone x2  
  76  5:22  Drone, Overlord  
  76  5:23  Drone  
  76  5:27  Extractor  
  76  5:31  Overseer  
  76  5:32  Roach  
  76  5:33  Roach x3  
  82  5:38  Roach  
  82  5:39  Overlord  
  82  5:41  Zergling x10  
  89  5:46  Spine Crawler  
  88  5:50  Roach  
  88  5:51  Roach x2  
  87  5:59  Drone x4  
  87  6:03  Drone x2  
  87  6:06  Drone  
  88  6:16  Zergling x14  
  95  6:23  Zergling x6  
  96  6:32  Roach  
  96  6:33  Roach x2  
  96  6:43  Roach x4  
  104  6:49  Roach  
  106  6:56  Extractor  
  106  6:58  Roach x2, Zergling x6  
  106  6:59  Zergling x2  
  106  7:01  Extractor x2  
  112  7:07  Roach x2  
  111  7:12  Roach  
  111  7:15  Roach  
  108  7:22  Roach x2  
  102  7:27  Zergling x2  
  93  7:33  Zergling x4  
  93  7:34  Zergling x2  
  83  7:37  Drone x2  
  83  7:39  Drone x6  
  82  7:48  Roach x2  
  82  7:54  Roach x2  
  82  7:55  Roach  
  82  7:57  Roach  
  82  7:58  Roach x2  
  90  8:06  Roach x3  
  90  8:10  Roach x3  
  102  8:14  Roach  
  104  8:20  Roach  
  104  8:21  Roach x3  
  104  8:23  Overlord x2  
  112  8:30  Overlord  
  112  8:31  Ravager  
  112  8:32  Overlord  
  113  8:34  Overlord  
  113  8:42  Overseer  
  113  8:43  Hatchery, Overseer  
  113  8:46  Ravager x2  
  114  8:49  Roach x6  
  114  8:51  Roach  
  114  8:55  Roach  
  130  8:57  Ravager x2  
  130  9:02  Drone x4  
  136  9:06  Ravager  
  141  9:10  Roach x2  
  141  9:19  Roach x4  
  126  9:35  Roach x7  
  124  9:45  Roach x5  
  108  9:55  Roach x4  
  103  10:06  Roach x5  
  109  10:08  Ravager x3  
  112  10:14  Zergling x2  
  112  10:15  Zergling x4  
  112  10:19  Zergling x4  
  112  10:20  Ravager x2  
  112  10:21  Ravager  
  120  10:24  Zergling x8  
  124  10:30  Zergling x4  
  124  10:32  Zergling x6  
  124  10:33  Zergling x2  
  130  10:38  Zergling x8  
  134  10:49  Zergling x8  
  137  10:59  Zergling x8  
  141  11:04  Zergling x2  
  141  11:05  Zergling x8  
  140  11:15  Roach x6  
  144  11:25  Roach x4  
  129  11:30  Roach  
  115  11:33  Roach x3  
  119  11:40  Pneumatized Carapace, Overseer  
  119  11:41  Overseer  
  117  11:50  Ravager x6  
  117  11:51  Ravager  
  117  11:52  Drone x3  
  127  11:55  Roach x4  
  127  11:56  Roach  
  127  12:00  Roach x2  
  141  12:05  Roach  
  141  12:06  Overlord  
  143  12:09  Overlord  
  143  12:13  Overlord  
  143  12:21  Infestation Pit  
  142  12:27  Roach x4  
  142  12:28  Roach x3  
  145  12:38  Overseer  
  145  12:43  Drone x2  
Tags
 
Add a new tag
Caveats
  • Supply blocks, unpowered buildings, or Contaminate may cause inaccurate times.
  • Supply counts are checked every 10 seconds.